WCHLSIM.com - West Coast Hockey League
html PUBLIC "-//W3C//DTD XHTML 1.0 Transitional//EN" "http://www.w3.org/TR/xhtml1/DTD/xhtml1-transitional.dtd"> WCHL - Game 680 - ANAHEIM OUTLAWS vs BANFF WOLVES

ANAHEIM OUTLAWS vs BANFF WOLVES

Created - 16 janvier 2024 at 22:47

Goals
1 2 3 OT1 SO T
ANAHEIM OUTLAWS 1 1 1 0 0 3
BANFF WOLVES 1 0 2 0 1 4
Shots
1 2 3 OT1 SO T
ANAHEIM OUTLAWS 8 10 10 1 3 29
BANFF WOLVES 9 15 14 2 3 40

1st period

1. ANAHEIM OUTLAWS , Rasmus Ristolainen 3 (Kevin Fiala 24, Ian Mitchell 2) at 4:19
2. BANFF WOLVES , Joel Eriksson Ek 20 (Adam Henrique 8, Quinton Hughes 34) at 11:26

Penalties :
Ian Cole (BAN) for Hooking (Minor) at 8:25

2nd period

3. ANAHEIM OUTLAWS , Jeff Skinner 17 (Jacob Trouba 14, Evgeny Kuznetsov 22) at 19:09

Penalties :
Jack Quinn (ANA) for Hooking (Minor) at 10:22

3rd period

4. BANFF WOLVES , Adam Henrique 5 (Joel Eriksson Ek 28, Quinton Hughes 35) at 1:15
5. BANFF WOLVES , Miro Heiskanen 5 (Mats Zuccarello 26, Elias Lindholm 26) at 12:16 (PP)
6. ANAHEIM OUTLAWS , Henri Jokiharju 2 (Michael Bunting 14, Adrian Kempe 22) at 17:15

Penalties :
Michael Bunting (ANA) for Holding Stick (Minor) at 5:15, Jacob Trouba (ANA) for Roughing (Minor) at 10:29

Overtime #1

No Goal

Penalties :
No Penalty

Shootout

ANAHEIM OUTLAWS, Kent Johnson - Shot Misses the Net
BANFF WOLVES, John Tavares - Shot Misses the Net
ANAHEIM OUTLAWS, Joey Anderson - Shot Misses the Net
BANFF WOLVES, Mats Zuccarello - Shot Misses the Net
ANAHEIM OUTLAWS, Evgeny Kuznetsov - Stopped by Jordan Binnington
BANFF WOLVES, Elias Lindholm - Goal!

Penalties :
No Penalty

Goalie Stats

Jacob Markstrom (ANA), 37 saves from 40 shots - (0,925), OTL, 20-18-5, 65:00 minutes
Jordan Binnington (BAN), 26 saves from 29 shots - (0,897), W, 21-4-3, 65:00 minutes

Players Stats for ANAHEIM OUTLAWS

Player Name              G  A  P  +/- PIM S  H  SB GA TA FO     MP     PP MP  PK MP  
------------------------------------------------------------------------------------
Adrian Kempe             0  1  1   0  0   6  2  0  0  0  7/22   18:09   0:00   0:59 
Carter Verhaeghe         0  0  0   0  0   4  1  0  0  0  1/1    17:10   0:00   0:00 
David Gustafsson         0  0  0   1  0   0  0  0  0  0  0/0     5:30   0:00   0:00 
Evgeny Kuznetsov         0  1  1   0  0   1  1  0  0  0  3/6    20:58   1:09   0:00 
Henri Jokiharju          1  0  1   1  0   2  1  0  0  0  0/0    20:34   0:55   2:46 
Ian Mitchell             0  1  1   0  0   0  0  0  0  0  0/0    15:13   0:00   0:00 
Jack Quinn               0  0  0   0  2   1  1  1  0  0  0/0    12:55   0:00   0:00 
Jacob Trouba             0  1  1   0  2   2  2  2  0  0  0/0    21:04   1:04   2:19 
Jeff Skinner             1  0  1   0  0   4  1  0  0  0  2/8    22:31   0:50   2:10 
Joey Anderson            0  0  0   0  0   0  0  0  0  0  4/22   23:44   1:09   3:14 
Kent Johnson             0  0  0   0  0   2  1  0  0  0  1/9    17:21   0:50   3:35 
Kevin Fiala              0  1  1   1  0   1  0  0  0  0  0/5     6:20   0:50   0:00 
Michael Bunting          0  1  1   0  2   3  1  0  0  0  3/3    21:09   1:09   1:32 
Morgan Rielly            0  0  0   0  0   0  0  2  0  0  0/0    27:02   1:04   3:29 
Noah Hanifin             0  0  0   1  0   2  2  4  0  0  0/0    23:44   0:55   2:56 
Pierre Engvall           0  0  0   1  0   0  0  0  0  0  0/1     5:30   0:00   0:00 
Pius Suter               0  0  0   0  0   0  0  0  0  0  3/15   12:56   0:00   0:00 
Rasmus Ristolainen       1  0  1   0  0   1  1  0  0  0  0/0    17:22   0:00   0:00 

Players Stats for BANFF WOLVES

Player Name              G  A  P  +/- PIM S  H  SB GA TA FO     MP     PP MP  PK MP  
------------------------------------------------------------------------------------
Adam Henrique            1  1  2   2  0   2  0  0  0  0  0/0    20:48   3:07   1:12 
Brogan Rafferty          0  0  0   0  0   0  0  0  0  0  0/0    11:55   0:00   0:00 
Cam Fowler               0  0  0  -1  0   2  0  2  0  0  0/0    23:40   0:00   1:46 
Elias Lindholm           0  1  1  -2  0   4  2  0  0  0  28/39  23:56   3:18   1:12 
Eric Staal               0  0  0   0  0   0  0  0  0  0  0/0     3:46   0:00   0:00 
Ian Cole                 0  0  0   0  2   0  2  5  0  0  0/0    19:28   0:00   0:00 
Jason Dickinson          0  0  0   0  0   0  0  1  0  0  0/0     4:33   0:00   0:47 
Joel Eriksson Ek         1  1  2   2  0   4  0  0  0  0  29/32  23:29   2:27   0:47 
John Tavares             0  0  0  -1  0   5  1  0  0  0  1/2    20:02   2:27   0:00 
Jordan Staal             0  0  0  -1  0   3  0  0  0  0  7/13   15:14   0:00   0:00 
Logan O'Connor           0  0  0   0  0   0  0  0  0  0  0/0     0:00   0:00   0:00 
Mats Zuccarello          0  1  1  -2  0   4  0  0  0  0  0/0    22:43   3:18   0:00 
Miro Heiskanen           1  0  1  -1  0   4  0  0  0  0  0/0    25:03   2:38   1:16 
Quinton Hughes           0  2  2   0  0   1  0  3  0  0  0/0    27:13   3:07   0:56 
Roope Hintz              0  0  0  -2  0   4  0  0  0  0  1/1    22:04   2:38   0:00 
Simon Benoit             0  0  0   0  0   0  0  0  0  0  0/0    11:55   0:00   0:00 
Timo Meier               0  0  0   2  0   4  2  0  0  0  1/3    18:39   2:27   0:00 
Tyler Toffoli            0  0  0  -1  0   3  1  0  0  0  1/2    18:32   3:18   0:00 

3 Stars

1 - Adam Henrique (BAN)
2 - Joel Eriksson Ek (BAN)
3 - Henri Jokiharju (ANA)

Power Play

ANAHEIM OUTLAWS - 0 on 1 Attempt(s) - 0,00%
BANFF WOLVES - 1 on 3 Attempt(s) - 33,33%

Penalty Kill

ANAHEIM OUTLAWS - 2 on 3 Attempt(s) - 66,67% - Score 0 goal in Penalty Kill
BANFF WOLVES - 1 on 1 Attempt(s) - 100,00% - Score 0 goal in Penalty Kill

Team Stat

ANAHEIM OUTLAWS - Hits : 14 - Faceoff Wins : 24 - Blocked Shots : 9 - Penalty Minutes : 6
BANFF WOLVES - Hits : 8 - Faceoff Wins : 68 - Blocked Shots : 11 - Penalty Minutes : 2

Official

Referees : Ryan Hersey and Stephen Hiff
Linesman : Steven Berry and Kyle Larson

Game Notes

No Game Note

Finance

Level 1 -- Attendance: 6061 (85,97%) -- Ticket Income 757 625 $
Level 2 -- Attendance: 5164 (86,70%) -- Ticket Income 516 400 $
Level 3 -- Attendance: 2340 (100,00%) -- Ticket Income 140 400 $
Level 4 -- Attendance: 4324 (86,48%) -- Ticket Income 194 580 $
Luxury Box -- Attendance: 1065 (100,00%) -- Ticket Income 292 875 $
Game was played at the Rocky Mountains Sports Complex.
Total Attendance: 18954 (88,52%)
Total Ticket Income: 1 901 880 $
Other Expense: 19 019 $
Total Income: 1 882 861 $

ANAHEIM OUTLAWS

5 vs 5 Forward 
   Center                   Left Wing                Right Wing               Time % Phy DF OF 
 1 Joey Anderson            Jeff Skinner             Evgeny Kuznetsov         36     1   2  2  
 2 Adrian Kempe             Michael Bunting          Carter Verhaeghe         31     1   2  2  
 3 Pius Suter               Kent Johnson             Jack Quinn               23     1   2  2  
 4 Kevin Fiala              Pierre Engvall           David Gustafsson         10     1   2  2  

5 vs 5 Defense 
   Defense                  Defense                                           Time % Phy DF OF 
 1 Jacob Trouba             Morgan Rielly                                     36     1   2  2  
 2 Noah Hanifin             Henri Jokiharju                                   31     1   2  2  
 3 Rasmus Ristolainen       Ian Mitchell                                      23     1   2  2  
 4 Noah Hanifin             Morgan Rielly                                     10     1   2  2  

PowerPlay Forward 
   Center                   Left Wing                Right Wing               Time % Phy DF OF 
 1 Kevin Fiala              Jeff Skinner             Kent Johnson             55     1   2  2  
 2 Joey Anderson            Michael Bunting          Evgeny Kuznetsov         45     1   2  2  

PowerPlay Defense
   Defense                  Defense                                           Time % Phy DF OF 
 1 Jacob Trouba             Morgan Rielly                                     55     1   2  2  
 2 Noah Hanifin             Henri Jokiharju                                   45     1   2  2  

Penalty Kill 4 Players Forward 
   Center                   Wing                     Time % Phy DF OF 
 1 Kent Johnson             Joey Anderson            55     1   2  2  
 2 Jeff Skinner             Michael Bunting          45     1   2  2  

Penalty Kill 4 Players Defense
   Defense                  Defense                  Time % Phy DF OF 
 1 Jacob Trouba             Morgan Rielly            55     1   2  2  
 2 Noah Hanifin             Henri Jokiharju          45     1   2  2  

Penalty Kill - 3 Players Forward 
   Forward                                           Time % Phy DF OF 
 1 Kent Johnson                                      55     1   2  2  
 2 Michael Bunting                                   45     1   2  2  

Penalty Kill - 3 Players Defense
   Defense                  Defense                  Time % Phy DF OF 
 1 Rasmus Ristolainen       Morgan Rielly            55     1   2  2  
 2 Noah Hanifin             Henri Jokiharju          45     1   2  2  

4 vs 4 Forward 
   Center                   Wing                     Time % Phy DF OF 
 1 Jeff Skinner             Joey Anderson            55     1   2  2  
 2 Kent Johnson             Michael Bunting          45     1   2  2  

4 vs 4 Defense
   Defense                  Defense                  Time % Phy DF OF 
 1 Jacob Trouba             Morgan Rielly            55     1   2  2  
 2 Noah Hanifin             Henri Jokiharju          45     1   2  2  

Last Minutes Offensive
   Center                   Left Wing                Right Wing               Defense                  Defense                  
   Joey Anderson            Evgeny Kuznetsov         Jeff Skinner             Jacob Trouba             Morgan Rielly            

Last Minutes Defensive
   Center                   Left Wing                Right Wing               Defense                  Defense                  
   Joey Anderson            Evgeny Kuznetsov         Jeff Skinner             Jacob Trouba             Morgan Rielly            

Goaltenders
Starting : Jacob Markstrom          
Backup : Mackenzie Blackwood      

Extra Forwards
Normal : Jeff Skinner, Michael Bunting, Kent Johnson - PP : Michael Bunting, Kent Johnson - PK : Kent Johnson
Extra Defensemen
Normal : Morgan Rielly, Noah Hanifin, Henri Jokiharju - PP : Morgan Rielly - PK : Noah Hanifin, Morgan Rielly
Penalty Shots
Kent Johnson, Joey Anderson, Evgeny Kuznetsov, Michael Bunting, Jeff Skinner
Custom OT Lines Forwards
Joey Anderson, Evgeny Kuznetsov, Jeff Skinner, Michael Bunting, Adrian Kempe, Carter Verhaeghe, David Gustafsson, Pierre Engvall, Kent Johnson, Jack Quinn
Custom OT Lines Defensemen
Rasmus Ristolainen, Morgan Rielly, Noah Hanifin, Henri Jokiharju, Jacob Trouba

Scratches
Michael Rasmussen (Broken Left Thumb Injury), Victor Soderstrom (Healthy)

BANFF WOLVES

5 vs 5 Forward 
   Center                   Left Wing                Right Wing               Time % Phy DF OF 
 1 Elias Lindholm           Roope Hintz              Mats Zuccarello          34     0   1  4  
 2 Joel Eriksson Ek         Adam Henrique            Timo Meier               32     0   1  4  
 3 Jordan Staal             John Tavares             Tyler Toffoli            29     0   1  4  
 4 Joel Eriksson Ek         Jason Dickinson          Eric Staal               5      0   4  1  

5 vs 5 Defense 
   Defense                  Defense                                           Time % Phy DF OF 
 1 Quinton Hughes           Ian Cole                                          41     0   1  4  
 2 Miro Heiskanen           Cam Fowler                                        41     0   1  4  
 3 Brogan Rafferty          Simon Benoit                                      9      1   3  1  
 4 Quinton Hughes           Miro Heiskanen                                    9      0   0  5  

PowerPlay Forward 
   Center                   Left Wing                Right Wing               Time % Phy DF OF 
 1 Elias Lindholm           Tyler Toffoli            Mats Zuccarello          60     0   0  5  
 2 Joel Eriksson Ek         John Tavares             Timo Meier               40     0   0  5  

PowerPlay Defense
   Defense                  Defense                                           Time % Phy DF OF 
 1 Quinton Hughes           Adam Henrique                                     60     0   0  5  
 2 Miro Heiskanen           Roope Hintz                                       40     0   0  5  

Penalty Kill 4 Players Forward 
   Center                   Wing                     Time % Phy DF OF 
 1 Joel Eriksson Ek         Jason Dickinson          50     0   5  0  
 2 Elias Lindholm           Adam Henrique            50     0   5  0  

Penalty Kill 4 Players Defense
   Defense                  Defense                  Time % Phy DF OF 
 1 Miro Heiskanen           Ian Cole                 50     0   5  0  
 2 Quinton Hughes           Cam Fowler               50     0   5  0  

Penalty Kill - 3 Players Forward 
   Forward                                           Time % Phy DF OF 
 1 Elias Lindholm                                    50     0   5  0  
 2 Adam Henrique                                     50     0   5  0  

Penalty Kill - 3 Players Defense
   Defense                  Defense                  Time % Phy DF OF 
 1 Cam Fowler               Ian Cole                 50     0   5  0  
 2 Quinton Hughes           Miro Heiskanen           50     0   5  0  

4 vs 4 Forward 
   Center                   Wing                     Time % Phy DF OF 
 1 Elias Lindholm           Adam Henrique            55     0   1  4  
 2 Joel Eriksson Ek         Mats Zuccarello          45     0   1  4  

4 vs 4 Defense
   Defense                  Defense                  Time % Phy DF OF 
 1 Miro Heiskanen           Cam Fowler               55     0   1  4  
 2 Quinton Hughes           Ian Cole                 45     0   1  4  

Last Minutes Offensive
   Center                   Left Wing                Right Wing               Defense                  Defense                  
   Elias Lindholm           John Tavares             Mats Zuccarello          Quinton Hughes           Miro Heiskanen           

Last Minutes Defensive
   Center                   Left Wing                Right Wing               Defense                  Defense                  
   Elias Lindholm           Adam Henrique            Mats Zuccarello          Cam Fowler               Miro Heiskanen           

Goaltenders
Starting : Jordan Binnington        
Backup : Jeremy Swayman           

Extra Forwards
Normal : John Tavares, Mats Zuccarello, Elias Lindholm - PP : Mats Zuccarello, John Tavares - PK : John Tavares
Extra Defensemen
Normal : Quinton Hughes, Miro Heiskanen, Cam Fowler - PP : Quinton Hughes - PK : Quinton Hughes, Miro Heiskanen
Penalty Shots
John Tavares, Mats Zuccarello, Elias Lindholm, Roope Hintz, Joel Eriksson Ek
Custom OT Lines Forwards
John Tavares, Mats Zuccarello, Elias Lindholm, Roope Hintz, Joel Eriksson Ek, Adam Henrique, Tyler Toffoli, Jason Dickinson, Timo Meier, Jordan Staal
Custom OT Lines Defensemen
Quinton Hughes, Cam Fowler, Miro Heiskanen, Ian Cole, Simon Benoit

Scratches
Adam Erne (Healthy), Nick Leddy (Broken Bone (Right Leg) Injury), Roman Josi (Bruised Left Shoulder Injury)

% Time on Ice - ANAHEIM OUTLAWS

Lines # - Real PCT - Wanted PCT - Time Play
Normal Forward
1 - 33% - 36% - 17:12
2 - 32% - 31% - 16:38
3 - 25% - 23% - 12:56
4 - 11% - 10% - 5:30
Normal Defense
1 - 34% - 36% - 17:42
2 - 32% - 31% - 16:53
3 - 29% - 23% - 15:13
4 - 5% - 10% - 2:28
PP Forward
1 - 42% - 55% - 0:50
2 - 58% - 45% - 1:09
PP Defense
1 - 54% - 55% - 1:04
2 - 46% - 45% - 0:55
PK Forward
1 - 62% - 55% - 3:35
2 - 38% - 45% - 2:10
PK Defense
1 - 61% - 55% - 3:29
2 - 39% - 45% - 2:16
PK3 Forward
1 - 0% - 55%
2 - 0% - 45%
PK3 Defense
1 - 0% - 55%
2 - 0% - 45%
44 Forward
1 - 0% - 55%
2 - 0% - 45%
44 Defense
1 - 0% - 55%
2 - 0% - 45%
Last Minute Offensive  - 0:00
Last Minute Defensive  - 0:00
Total
Forward - 60:00
Defense - 60:00

% Time on Ice - BANFF WOLVES

Lines # - Real PCT - Wanted PCT - Time Play
Normal Forward
1 - 33% - 34% - 17:04
2 - 31% - 32% - 16:12
3 - 29% - 29% - 15:14
4 - 7% - 5% - 3:46
Normal Defense
1 - 37% - 41% - 19:29
2 - 37% - 41% - 19:32
3 - 23% - 9% - 11:55
4 - 3% - 9% - 1:20
PP Forward
1 - 57% - 60% - 3:18
2 - 43% - 40% - 2:27
PP Defense
1 - 54% - 60% - 3:07
2 - 46% - 40% - 2:38
PK Forward
1 - 39% - 50% - 0:47
2 - 61% - 50% - 1:12
PK Defense
1 - 60% - 50% - 1:11
2 - 40% - 50% - 0:48
PK3 Forward
1 - 0% - 50%
2 - 0% - 50%
PK3 Defense
1 - 0% - 50%
2 - 0% - 50%
44 Forward
1 - 0% - 55%
2 - 0% - 45%
44 Defense
1 - 0% - 55%
2 - 0% - 45%
Last Minute Offensive  - 0:00
Last Minute Defensive  - 0:00
Total
Forward - 60:00
Defense - 60:00

Play-by-Play

1st period


0:01 of 1st period - Elias Lindholm wins face-off versus Jeff Skinner in neutral zone.
0:16 of 1st period - Evgeny Kuznetsov is hit by Elias Lindholm and loses puck.
0:32 of 1st period - Icing by Ian Cole.
0:33 of 1st period - Elias Lindholm wins face-off versus Adrian Kempe in BANFF WOLVES zone.
0:49 of 1st period - Shot by Elias Lindholm.
0:49 of 1st period - Shot Misses the Net.
0:51 of 1st period - Shot by Elias Lindholm.
0:51 of 1st period - Shot Blocked by Noah Hanifin.
0:53 of 1st period - Shot by Mats Zuccarello.
0:53 of 1st period - Shot Misses the Net.
0:55 of 1st period - Shot by Quinton Hughes.
0:55 of 1st period - Deflect By Mats Zuccarello.
0:55 of 1st period - Shot Misses the Net.
1:11 of 1st period - Shot by Michael Bunting.
1:11 of 1st period - Stopped by Jordan Binnington without a rebound.
1:12 of 1st period - Jordan Staal wins face-off versus Pius Suter in BANFF WOLVES zone.
1:12 of 1st period - Jordan Staal is hit by Kent Johnson.
1:39 of 1st period - Icing by Kent Johnson.
1:40 of 1st period - Joel Eriksson Ek wins face-off versus Pius Suter in ANAHEIM OUTLAWS zone.
2:10 of 1st period - Icing by Joel Eriksson Ek.
2:11 of 1st period - Joel Eriksson Ek wins face-off versus Jeff Skinner in BANFF WOLVES zone.
3:08 of 1st period - Off-side.
3:09 of 1st period - Elias Lindholm wins face-off versus Adrian Kempe in neutral zone.
3:21 of 1st period - Mats Zuccarello is hit by Noah Hanifin and loses puck.
3:47 of 1st period - Shot by Mats Zuccarello.
3:47 of 1st period - Shot Misses the Net.
4:19 of 1st period - Shot by Rasmus Ristolainen.
4:19 of 1st period - Goal by Rasmus Ristolainen - ANAHEIM OUTLAWS : 1 - BANFF WOLVES : 0.
4:20 of 1st period - Pius Suter wins face-off versus Jordan Staal in neutral zone.
4:58 of 1st period - Shot by John Tavares.
4:58 of 1st period - Stopped by Jacob Markstrom without a rebound.
4:59 of 1st period - Joel Eriksson Ek wins face-off versus Joey Anderson in ANAHEIM OUTLAWS zone.
5:58 of 1st period - Shot by Roope Hintz.
5:58 of 1st period - Stopped by Jacob Markstrom without a rebound.
5:59 of 1st period - Jordan Staal wins face-off versus Kevin Fiala in ANAHEIM OUTLAWS zone.
6:29 of 1st period - Off-side.
6:30 of 1st period - Adrian Kempe wins face-off versus Elias Lindholm in neutral zone.
6:35 of 1st period - Shot by Adrian Kempe.
6:35 of 1st period - Shot Misses the Net.
6:37 of 1st period - Shot by Henri Jokiharju.
6:37 of 1st period - Shot Misses the Net.
7:45 of 1st period - Jack Quinn is hit by Ian Cole.
7:47 of 1st period - Shot by Kent Johnson.
7:47 of 1st period - Shot Misses the Net.
7:51 of 1st period - Shot by Jack Quinn.
7:51 of 1st period - Stopped by Jordan Binnington with a rebound.
7:53 of 1st period - Shot by Jacob Trouba.
7:53 of 1st period - Stopped by Jordan Binnington with a rebound.
8:25 of 1st period - Minor Penalty to Ian Cole for Hooking.
8:26 of 1st period - Elias Lindholm wins face-off versus Joey Anderson in BANFF WOLVES zone.
8:30 of 1st period - Off-side.
8:31 of 1st period - Elias Lindholm wins face-off versus Joey Anderson in neutral zone.
8:48 of 1st period - Icing by Joey Anderson.
8:49 of 1st period - Elias Lindholm wins face-off versus Joey Anderson in ANAHEIM OUTLAWS zone.
8:58 of 1st period - Shot by Evgeny Kuznetsov.
8:58 of 1st period - Shot Blocked by Cam Fowler.
9:00 of 1st period - Shot by Jacob Trouba.
9:00 of 1st period - Stopped by Jordan Binnington without a rebound.
9:01 of 1st period - Joel Eriksson Ek wins face-off versus Kevin Fiala in BANFF WOLVES zone.
9:59 of 1st period - Icing by Jacob Trouba.
10:00 of 1st period - Joey Anderson wins face-off versus Elias Lindholm in ANAHEIM OUTLAWS zone.
10:11 of 1st period - Shot by Michael Bunting.
10:11 of 1st period - Stopped by Jordan Binnington with a rebound.
10:13 of 1st period - Shot by Joey Anderson.
10:13 of 1st period - Shot Blocked by Quinton Hughes.
10:15 of 1st period - Shot by Morgan Rielly.
10:15 of 1st period - Shot Misses the Net.
11:10 of 1st period - Off-side.
11:11 of 1st period - Joel Eriksson Ek wins face-off versus Joey Anderson in neutral zone.
11:14 of 1st period - Shot by Joel Eriksson Ek.
11:14 of 1st period - Shot Misses the Net.
11:16 of 1st period - Shot by Joel Eriksson Ek.
11:16 of 1st period - Stopped by Jacob Markstrom without a rebound.
11:17 of 1st period - Joel Eriksson Ek wins face-off versus Joey Anderson in ANAHEIM OUTLAWS zone.
11:26 of 1st period - Shot by Joel Eriksson Ek.
11:26 of 1st period - Goal by Joel Eriksson Ek - ANAHEIM OUTLAWS : 1 - BANFF WOLVES : 1.
11:27 of 1st period - Joel Eriksson Ek wins face-off versus Adrian Kempe in neutral zone.
12:23 of 1st period - Icing by Jacob Trouba.
12:24 of 1st period - Elias Lindholm wins face-off versus Adrian Kempe in ANAHEIM OUTLAWS zone.
12:25 of 1st period - Shot by Roope Hintz.
12:25 of 1st period - Stopped by Jacob Markstrom without a rebound.
12:26 of 1st period - Elias Lindholm wins face-off versus Joey Anderson in ANAHEIM OUTLAWS zone.
13:00 of 1st period - Shot by Jeff Skinner.
13:00 of 1st period - Stopped by Jordan Binnington without a rebound.
13:01 of 1st period - Pius Suter wins face-off versus Timo Meier in BANFF WOLVES zone.
13:16 of 1st period - Shot by Jack Quinn.
13:16 of 1st period - Shot Misses the Net.
13:58 of 1st period - Icing by Jacob Trouba.
13:59 of 1st period - Michael Bunting wins face-off versus Jordan Staal in ANAHEIM OUTLAWS zone.
14:08 of 1st period - Shot by Carter Verhaeghe.
14:08 of 1st period - Stopped by Jordan Binnington with a rebound.
14:42 of 1st period - Shot by Carter Verhaeghe.
14:42 of 1st period - Shot Misses the Net.
14:49 of 1st period - Off-side.
14:50 of 1st period - Joey Anderson wins face-off versus Elias Lindholm in neutral zone.
15:07 of 1st period - Shot by Elias Lindholm.
15:07 of 1st period - Shot Misses the Net.
15:09 of 1st period - Shot by Cam Fowler.
15:09 of 1st period - Shot Misses the Net.
15:11 of 1st period - Shot by Mats Zuccarello.
15:11 of 1st period - Stopped by Jacob Markstrom with a rebound.
15:13 of 1st period - Shot by Mats Zuccarello.
15:13 of 1st period - Shot Blocked by Noah Hanifin.
15:15 of 1st period - Shot by Cam Fowler.
15:15 of 1st period - Deflect By Roope Hintz.
15:15 of 1st period - Shot Blocked by Noah Hanifin.
15:27 of 1st period - Shot by Mats Zuccarello.
15:27 of 1st period - Deflect By Elias Lindholm.
15:27 of 1st period - Stopped by Jacob Markstrom with a rebound.
15:38 of 1st period - Icing by Noah Hanifin.
15:39 of 1st period - Joel Eriksson Ek wins face-off versus Evgeny Kuznetsov in ANAHEIM OUTLAWS zone.
15:39 of 1st period - Joel Eriksson Ek is hit by Henri Jokiharju.
15:44 of 1st period - Adam Henrique is hit by Noah Hanifin.
15:48 of 1st period - Shot by Timo Meier.
15:48 of 1st period - Stopped by Jacob Markstrom without a rebound.
15:49 of 1st period - Joel Eriksson Ek wins face-off versus Pius Suter in ANAHEIM OUTLAWS zone.
16:17 of 1st period - Icing by Adam Henrique.
16:18 of 1st period - Adrian Kempe wins face-off versus Timo Meier in BANFF WOLVES zone.
17:17 of 1st period - Shot by Miro Heiskanen.
17:17 of 1st period - Stopped by Jacob Markstrom with a rebound.
18:49 of 1st period - Off-side.
18:50 of 1st period - Joel Eriksson Ek wins face-off versus Kevin Fiala in neutral zone.
19:37 of 1st period - Joel Eriksson Ek is hit by Adrian Kempe.
Goals for this period are 1 for ANAHEIM OUTLAWS vs 1 for BANFF WOLVES.
Shots for this period are 8 for ANAHEIM OUTLAWS vs 9 for BANFF WOLVES.

2nd period


0:01 of 2nd period - Evgeny Kuznetsov wins face-off versus Tyler Toffoli in neutral zone.
0:12 of 2nd period - Shot by Tyler Toffoli.
0:12 of 2nd period - Stopped by Jacob Markstrom without a rebound.
0:13 of 2nd period - Elias Lindholm wins face-off versus Pius Suter in ANAHEIM OUTLAWS zone.
0:20 of 2nd period - Shot by Jack Quinn.
0:20 of 2nd period - Shot Misses the Net.
1:14 of 2nd period - John Tavares is hit by Jack Quinn and loses puck.
1:24 of 2nd period - Tyler Toffoli is hit by Jacob Trouba and loses puck.
1:33 of 2nd period - Shot by John Tavares.
1:33 of 2nd period - Stopped by Jacob Markstrom without a rebound.
1:34 of 2nd period - Joel Eriksson Ek wins face-off versus Joey Anderson in ANAHEIM OUTLAWS zone.
4:31 of 2nd period - Shot by Jack Quinn.
4:31 of 2nd period - Shot Misses the Net.
4:57 of 2nd period - Shot by Pius Suter.
4:57 of 2nd period - Shot Misses the Net.
4:59 of 2nd period - Shot by Henri Jokiharju.
4:59 of 2nd period - Shot Misses the Net.
5:15 of 2nd period - Shot by Evgeny Kuznetsov.
5:15 of 2nd period - Stopped by Jordan Binnington without a rebound.
5:16 of 2nd period - Adrian Kempe wins face-off versus Jordan Staal in BANFF WOLVES zone.
5:27 of 2nd period - Shot by Carter Verhaeghe.
5:27 of 2nd period - Stopped by Jordan Binnington without a rebound.
5:28 of 2nd period - Elias Lindholm wins face-off versus Joey Anderson in BANFF WOLVES zone.
5:47 of 2nd period - Shot by Jeff Skinner.
5:47 of 2nd period - Shot Misses the Net.
5:49 of 2nd period - Shot by Noah Hanifin.
5:49 of 2nd period - Shot Misses the Net.
5:51 of 2nd period - Shot by Noah Hanifin.
5:51 of 2nd period - Shot Misses the Net.
5:53 of 2nd period - Shot by Noah Hanifin.
5:53 of 2nd period - Shot Blocked by Quinton Hughes.
5:55 of 2nd period - Shot by Morgan Rielly.
5:55 of 2nd period - Shot Misses the Net.
6:07 of 2nd period - Roope Hintz is hit by Jeff Skinner and loses puck.
6:27 of 2nd period - Icing by Ian Mitchell.
6:28 of 2nd period - Adrian Kempe wins face-off versus Jordan Staal in ANAHEIM OUTLAWS zone.
7:04 of 2nd period - Shot by Michael Bunting.
7:04 of 2nd period - Shot Misses the Net.
7:38 of 2nd period - Shot by Henri Jokiharju.
7:38 of 2nd period - Stopped by Jordan Binnington with a rebound.
7:40 of 2nd period - Shot by Noah Hanifin.
7:40 of 2nd period - Stopped by Jordan Binnington with a rebound.
7:42 of 2nd period - Shot by Noah Hanifin.
7:42 of 2nd period - Shot Misses the Net.
7:51 of 2nd period - Icing by Timo Meier.
7:52 of 2nd period - Joel Eriksson Ek wins face-off versus Joey Anderson in BANFF WOLVES zone.
7:54 of 2nd period - Icing by Adam Henrique.
7:55 of 2nd period - Joel Eriksson Ek wins face-off versus Joey Anderson in BANFF WOLVES zone.
8:13 of 2nd period - Shot by Jeff Skinner.
8:13 of 2nd period - Stopped by Jordan Binnington without a rebound.
8:14 of 2nd period - Elias Lindholm wins face-off versus Adrian Kempe in BANFF WOLVES zone.
8:31 of 2nd period - Mats Zuccarello is hit by Michael Bunting and loses puck.
10:01 of 2nd period - Icing by Morgan Rielly.
10:02 of 2nd period - Joel Eriksson Ek wins face-off versus Joey Anderson in ANAHEIM OUTLAWS zone.
10:03 of 2nd period - Shot by Adam Henrique.
10:03 of 2nd period - Stopped by Jacob Markstrom without a rebound.
10:04 of 2nd period - Joel Eriksson Ek wins face-off versus Kevin Fiala in ANAHEIM OUTLAWS zone.
10:21 of 2nd period - Shot by Noah Hanifin.
10:21 of 2nd period - Stopped by Jordan Binnington without a rebound.
10:22 of 2nd period - Elias Lindholm wins face-off versus Kent Johnson in BANFF WOLVES zone.
10:22 of 2nd period - Minor Penalty to Jack Quinn for Hooking.
10:23 of 2nd period - Elias Lindholm wins face-off versus Kent Johnson in ANAHEIM OUTLAWS zone.
10:50 of 2nd period - Shot by Tyler Toffoli.
10:50 of 2nd period - Stopped by Jacob Markstrom without a rebound.
10:51 of 2nd period - Joel Eriksson Ek wins face-off versus Jeff Skinner in ANAHEIM OUTLAWS zone.
11:20 of 2nd period - Shot by John Tavares.
11:20 of 2nd period - Shot Misses the Net.
11:24 of 2nd period - Shot by Joel Eriksson Ek.
11:24 of 2nd period - Stopped by Jacob Markstrom without a rebound.
11:25 of 2nd period - Kent Johnson wins face-off versus Elias Lindholm in ANAHEIM OUTLAWS zone.
11:48 of 2nd period - Shot by Elias Lindholm.
11:48 of 2nd period - Shot Misses the Net.
12:00 of 2nd period - Shot by Mats Zuccarello.
12:00 of 2nd period - Stopped by Jacob Markstrom without a rebound.
12:01 of 2nd period - Michael Bunting wins face-off versus John Tavares in ANAHEIM OUTLAWS zone.
12:20 of 2nd period - Shot by Timo Meier.
12:20 of 2nd period - Stopped by Jacob Markstrom without a rebound.
12:21 of 2nd period - Elias Lindholm wins face-off versus Kent Johnson in ANAHEIM OUTLAWS zone.
12:35 of 2nd period - Icing by Ian Cole.
12:36 of 2nd period - Joel Eriksson Ek wins face-off versus Adrian Kempe in BANFF WOLVES zone.
14:11 of 2nd period - Shot by Roope Hintz.
14:11 of 2nd period - Stopped by Jacob Markstrom without a rebound.
14:12 of 2nd period - Jordan Staal wins face-off versus Pius Suter in ANAHEIM OUTLAWS zone.
14:48 of 2nd period - Shot by Jack Quinn.
14:48 of 2nd period - Deflect By Kent Johnson.
14:48 of 2nd period - Stopped by Jordan Binnington with a rebound.
15:35 of 2nd period - Morgan Rielly is hit by Timo Meier and loses puck.
15:48 of 2nd period - Shot by Miro Heiskanen.
15:48 of 2nd period - Shot Misses the Net.
15:50 of 2nd period - Shot by Joel Eriksson Ek.
15:50 of 2nd period - Shot Blocked by Morgan Rielly.
15:52 of 2nd period - Shot by Cam Fowler.
15:52 of 2nd period - Stopped by Jacob Markstrom with a rebound.
15:54 of 2nd period - Shot by Miro Heiskanen.
15:54 of 2nd period - Stopped by Jacob Markstrom without a rebound.
15:55 of 2nd period - Elias Lindholm wins face-off versus Kevin Fiala in ANAHEIM OUTLAWS zone.
16:29 of 2nd period - Shot by Kevin Fiala.
16:29 of 2nd period - Stopped by Jordan Binnington with a rebound.
16:31 of 2nd period - Shot by David Gustafsson.
16:31 of 2nd period - Shot Misses the Net.
16:43 of 2nd period - Shot by Mats Zuccarello.
16:43 of 2nd period - Stopped by Jacob Markstrom without a rebound.
16:44 of 2nd period - Joel Eriksson Ek wins face-off versus Adrian Kempe in ANAHEIM OUTLAWS zone.
17:23 of 2nd period - Shot by Carter Verhaeghe.
17:23 of 2nd period - Deflect By Adrian Kempe.
17:23 of 2nd period - Stopped by Jordan Binnington without a rebound.
17:24 of 2nd period - Jordan Staal wins face-off versus Joey Anderson in BANFF WOLVES zone.
17:28 of 2nd period - Icing by Tyler Toffoli.
17:29 of 2nd period - Jordan Staal wins face-off versus Joey Anderson in BANFF WOLVES zone.
17:36 of 2nd period - Shot by John Tavares.
17:36 of 2nd period - Stopped by Jacob Markstrom without a rebound.
17:37 of 2nd period - Elias Lindholm wins face-off versus Joey Anderson in ANAHEIM OUTLAWS zone.
17:56 of 2nd period - Shot by Elias Lindholm.
17:56 of 2nd period - Stopped by Jacob Markstrom without a rebound.
17:57 of 2nd period - Joel Eriksson Ek wins face-off versus Pius Suter in ANAHEIM OUTLAWS zone.
18:00 of 2nd period - Shot by Miro Heiskanen.
18:00 of 2nd period - Deflect By Timo Meier.
18:00 of 2nd period - Shot Blocked by Noah Hanifin.
18:12 of 2nd period - Shot by Adam Henrique.
18:12 of 2nd period - Shot Misses the Net.
18:14 of 2nd period - Shot by Joel Eriksson Ek.
18:14 of 2nd period - Stopped by Jacob Markstrom with a rebound.
18:24 of 2nd period - Shot by Joel Eriksson Ek.
18:24 of 2nd period - Deflect By Timo Meier.
18:24 of 2nd period - Stopped by Jacob Markstrom without a rebound.
18:25 of 2nd period - Elias Lindholm wins face-off versus Evgeny Kuznetsov in ANAHEIM OUTLAWS zone.
18:27 of 2nd period - Mats Zuccarello is hit by Jacob Trouba.
18:33 of 2nd period - Shot by Roope Hintz.
18:33 of 2nd period - Shot Misses the Net.
19:03 of 2nd period - Shot by Jeff Skinner.
19:03 of 2nd period - Shot Misses the Net.
19:05 of 2nd period - Shot by Jacob Trouba.
19:05 of 2nd period - Shot Misses the Net.
19:07 of 2nd period - Shot by Jacob Trouba.
19:07 of 2nd period - Shot Hit the Post.
19:09 of 2nd period - Shot by Jacob Trouba.
19:09 of 2nd period - Deflect By Jeff Skinner.
19:09 of 2nd period - Goal by Jeff Skinner - ANAHEIM OUTLAWS : 2 - BANFF WOLVES : 1.
19:10 of 2nd period - Adrian Kempe wins face-off versus Joel Eriksson Ek in neutral zone.
19:59 of 2nd period - Icing by Cam Fowler.
Goals for this period are 1 for ANAHEIM OUTLAWS vs 0 for BANFF WOLVES.
Shots for this period are 10 for ANAHEIM OUTLAWS vs 15 for BANFF WOLVES.

3rd period


0:01 of 3rd period - Jordan Staal wins face-off versus Joey Anderson in neutral zone.
0:28 of 3rd period - Shot by Evgeny Kuznetsov.
0:28 of 3rd period - Shot Misses the Net.
0:46 of 3rd period - Shot by John Tavares.
0:46 of 3rd period - Stopped by Jacob Markstrom with a rebound.
0:48 of 3rd period - Shot by Jordan Staal.
0:48 of 3rd period - Stopped by Jacob Markstrom without a rebound.
0:49 of 3rd period - Elias Lindholm wins face-off versus Pius Suter in ANAHEIM OUTLAWS zone.
1:07 of 3rd period - Off-side.
1:08 of 3rd period - Joel Eriksson Ek wins face-off versus Adrian Kempe in neutral zone.
1:15 of 3rd period - Shot by Adam Henrique.
1:15 of 3rd period - Goal by Adam Henrique - ANAHEIM OUTLAWS : 2 - BANFF WOLVES : 2.
1:16 of 3rd period - Elias Lindholm wins face-off versus Pius Suter in neutral zone.
2:11 of 3rd period - Jacob Trouba is hit by Elias Lindholm and loses puck.
2:33 of 3rd period - Off-side.
2:34 of 3rd period - Adrian Kempe wins face-off versus Joel Eriksson Ek in neutral zone.
2:39 of 3rd period - Shot by Michael Bunting.
2:39 of 3rd period - Stopped by Jordan Binnington without a rebound.
2:40 of 3rd period - Jordan Staal wins face-off versus Adrian Kempe in BANFF WOLVES zone.
3:03 of 3rd period - Shot by Adrian Kempe.
3:03 of 3rd period - Stopped by Jordan Binnington with a rebound.
3:05 of 3rd period - Shot by Adrian Kempe.
3:05 of 3rd period - Shot Misses the Net.
3:15 of 3rd period - Shot by Carter Verhaeghe.
3:15 of 3rd period - Deflect By Adrian Kempe.
3:15 of 3rd period - Shot Blocked by Ian Cole.
3:17 of 3rd period - Shot by Rasmus Ristolainen.
3:17 of 3rd period - Shot Blocked by Ian Cole.
3:19 of 3rd period - Shot by Adrian Kempe.
3:19 of 3rd period - Shot Misses the Net.
3:21 of 3rd period - Shot by Rasmus Ristolainen.
3:21 of 3rd period - Shot Blocked by Ian Cole.
3:23 of 3rd period - Shot by Rasmus Ristolainen.
3:23 of 3rd period - Shot Blocked by Quinton Hughes.
3:47 of 3rd period - Shot by Jeff Skinner.
3:47 of 3rd period - Shot Blocked by Ian Cole.
3:51 of 3rd period - Shot by Jeff Skinner.
3:51 of 3rd period - Stopped by Jordan Binnington without a rebound.
3:52 of 3rd period - Joel Eriksson Ek wins face-off versus Pius Suter in BANFF WOLVES zone.
4:01 of 3rd period - Shot by Adam Henrique.
4:01 of 3rd period - Shot Blocked by Jack Quinn.
4:26 of 3rd period - Shot by Kent Johnson.
4:26 of 3rd period - Deflect By Pius Suter.
4:26 of 3rd period - Shot Blocked by Cam Fowler.
5:00 of 3rd period - Icing by Elias Lindholm.
5:01 of 3rd period - Roope Hintz wins face-off versus Adrian Kempe in BANFF WOLVES zone.
5:01 of 3rd period - Mats Zuccarello is hit by Carter Verhaeghe and loses puck.
5:09 of 3rd period - Icing by Roope Hintz.
5:10 of 3rd period - Elias Lindholm wins face-off versus Adrian Kempe in BANFF WOLVES zone.
5:10 of 3rd period - Elias Lindholm is hit by Adrian Kempe.
5:15 of 3rd period - Minor Penalty to Michael Bunting for Holding Stick.
5:16 of 3rd period - Elias Lindholm wins face-off versus Kent Johnson in ANAHEIM OUTLAWS zone.
5:21 of 3rd period - Shot by Quinton Hughes.
5:21 of 3rd period - Shot Blocked by Jacob Trouba.
5:31 of 3rd period - Shot by Quinton Hughes.
5:31 of 3rd period - Shot Blocked by Jacob Trouba.
5:33 of 3rd period - Shot by Elias Lindholm.
5:33 of 3rd period - Shot Hit the Post.
5:35 of 3rd period - Shot by Quinton Hughes.
5:35 of 3rd period - Stopped by Jacob Markstrom without a rebound.
5:36 of 3rd period - Joel Eriksson Ek wins face-off versus Kent Johnson in ANAHEIM OUTLAWS zone.
5:37 of 3rd period - Shot by Roope Hintz.
5:37 of 3rd period - Shot Misses the Net.
5:42 of 3rd period - Off-side.
5:43 of 3rd period - Elias Lindholm wins face-off versus Kent Johnson in neutral zone.
6:44 of 3rd period - Icing by Timo Meier.
6:45 of 3rd period - Joel Eriksson Ek wins face-off versus Kent Johnson in BANFF WOLVES zone.
6:50 of 3rd period - Jacob Trouba is hit by John Tavares and loses puck.
7:15 of 3rd period - Shot by John Tavares.
7:15 of 3rd period - Shot Misses the Net.
7:34 of 3rd period - Off-side.
7:35 of 3rd period - Elias Lindholm wins face-off versus Adrian Kempe in neutral zone.
7:59 of 3rd period - Shot by Adrian Kempe.
7:59 of 3rd period - Shot Blocked by Ian Cole.
8:01 of 3rd period - Shot by Henri Jokiharju.
8:01 of 3rd period - Shot Misses the Net.
8:19 of 3rd period - Shot by Adrian Kempe.
8:19 of 3rd period - Stopped by Jordan Binnington without a rebound.
8:20 of 3rd period - Pius Suter wins face-off versus Jordan Staal in BANFF WOLVES zone.
8:47 of 3rd period - Shot by Kent Johnson.
8:47 of 3rd period - Stopped by Jordan Binnington without a rebound.
8:48 of 3rd period - Timo Meier wins face-off versus Jeff Skinner in BANFF WOLVES zone.
9:22 of 3rd period - Icing by Ian Mitchell.
9:23 of 3rd period - Joey Anderson wins face-off versus Jordan Staal in ANAHEIM OUTLAWS zone.
9:42 of 3rd period - Icing by Rasmus Ristolainen.
9:43 of 3rd period - Elias Lindholm wins face-off versus Joey Anderson in ANAHEIM OUTLAWS zone.
9:43 of 3rd period - Elias Lindholm is hit by Rasmus Ristolainen.
9:49 of 3rd period - Icing by Rasmus Ristolainen.
9:50 of 3rd period - Joey Anderson wins face-off versus Joel Eriksson Ek in ANAHEIM OUTLAWS zone.
10:21 of 3rd period - Morgan Rielly is hit by Timo Meier and loses puck.
10:29 of 3rd period - Minor Penalty to Jacob Trouba for Roughing.
10:30 of 3rd period - Elias Lindholm wins face-off versus Adrian Kempe in ANAHEIM OUTLAWS zone.
10:50 of 3rd period - Shot by Miro Heiskanen.
10:50 of 3rd period - Stopped by Jacob Markstrom without a rebound.
10:51 of 3rd period - Joel Eriksson Ek wins face-off versus Jeff Skinner in ANAHEIM OUTLAWS zone.
11:28 of 3rd period - Shot by John Tavares.
11:28 of 3rd period - Stopped by Jacob Markstrom with a rebound.
11:30 of 3rd period - Shot by Timo Meier.
11:30 of 3rd period - Stopped by Jacob Markstrom with a rebound.
11:32 of 3rd period - Shot by Quinton Hughes.
11:32 of 3rd period - Shot Misses the Net.
11:44 of 3rd period - Shot by Roope Hintz.
11:44 of 3rd period - Stopped by Jacob Markstrom without a rebound.
11:45 of 3rd period - Jeff Skinner wins face-off versus Elias Lindholm in ANAHEIM OUTLAWS zone.
11:54 of 3rd period - Icing by Roope Hintz.
11:55 of 3rd period - Jeff Skinner wins face-off versus Elias Lindholm in BANFF WOLVES zone.
12:04 of 3rd period - Shot by Elias Lindholm.
12:04 of 3rd period - Stopped by Jacob Markstrom without a rebound.
12:05 of 3rd period - Elias Lindholm wins face-off versus Kent Johnson in ANAHEIM OUTLAWS zone.
12:12 of 3rd period - Shot by Miro Heiskanen.
12:12 of 3rd period - Shot Misses the Net.
12:14 of 3rd period - Shot by Elias Lindholm.
12:14 of 3rd period - Deflect By Mats Zuccarello.
12:14 of 3rd period - Shot Misses the Net.
12:16 of 3rd period - Shot by Miro Heiskanen.
12:16 of 3rd period - Goal by Miro Heiskanen - ANAHEIM OUTLAWS : 2 - BANFF WOLVES : 3.
12:17 of 3rd period - Joel Eriksson Ek wins face-off versus Adrian Kempe in neutral zone.
12:22 of 3rd period - Shot by Adam Henrique.
12:22 of 3rd period - Shot Misses the Net.
12:39 of 3rd period - Shot by Adrian Kempe.
12:39 of 3rd period - Stopped by Jordan Binnington without a rebound.
12:40 of 3rd period - Elias Lindholm wins face-off versus Pius Suter in BANFF WOLVES zone.
14:04 of 3rd period - Evgeny Kuznetsov is hit by Ian Cole and loses puck.
14:40 of 3rd period - Icing by Noah Hanifin.
14:41 of 3rd period - Joel Eriksson Ek wins face-off versus Jeff Skinner in ANAHEIM OUTLAWS zone.
14:42 of 3rd period - Shot by Timo Meier.
14:42 of 3rd period - Shot Misses the Net.
15:02 of 3rd period - Icing by Adrian Kempe.
15:03 of 3rd period - Elias Lindholm wins face-off versus Adrian Kempe in ANAHEIM OUTLAWS zone.
15:08 of 3rd period - Shot by Mats Zuccarello.
15:08 of 3rd period - Stopped by Jacob Markstrom with a rebound.
15:18 of 3rd period - Shot by Adrian Kempe.
15:18 of 3rd period - Stopped by Jordan Binnington without a rebound.
15:19 of 3rd period - Joel Eriksson Ek wins face-off versus Pierre Engvall in BANFF WOLVES zone.
15:37 of 3rd period - Shot by Adam Henrique.
15:37 of 3rd period - Shot Misses the Net.
15:39 of 3rd period - Shot by Timo Meier.
15:39 of 3rd period - Shot Blocked by Morgan Rielly.
16:22 of 3rd period - Shot by Carter Verhaeghe.
16:22 of 3rd period - Stopped by Jordan Binnington without a rebound.
16:23 of 3rd period - Tyler Toffoli wins face-off versus Joey Anderson in BANFF WOLVES zone.
16:43 of 3rd period - Shot by Tyler Toffoli.
16:43 of 3rd period - Shot Misses the Net.
16:45 of 3rd period - Shot by Jordan Staal.
16:45 of 3rd period - Stopped by Jacob Markstrom with a rebound.
16:53 of 3rd period - Shot by John Tavares.
16:53 of 3rd period - Deflect By Tyler Toffoli.
16:53 of 3rd period - Stopped by Jacob Markstrom with a rebound.
16:55 of 3rd period - Shot by Jordan Staal.
16:55 of 3rd period - Stopped by Jacob Markstrom without a rebound.
16:56 of 3rd period - Adrian Kempe wins face-off versus Elias Lindholm in ANAHEIM OUTLAWS zone.
17:11 of 3rd period - Shot by Adrian Kempe.
17:11 of 3rd period - Shot Misses the Net.
17:13 of 3rd period - Shot by Adrian Kempe.
17:13 of 3rd period - Deflect By Michael Bunting.
17:13 of 3rd period - Shot Misses the Net.
17:15 of 3rd period - Shot by Henri Jokiharju.
17:15 of 3rd period - Goal by Henri Jokiharju - ANAHEIM OUTLAWS : 3 - BANFF WOLVES : 3.
17:16 of 3rd period - Joel Eriksson Ek wins face-off versus Pius Suter in neutral zone.
17:41 of 3rd period - Shot by Kent Johnson.
17:41 of 3rd period - Shot Misses the Net.
17:55 of 3rd period - Shot by Morgan Rielly.
17:55 of 3rd period - Shot Blocked by Jason Dickinson.
18:36 of 3rd period - Ian Cole is hit by Evgeny Kuznetsov.
19:23 of 3rd period - Carter Verhaeghe is hit by Tyler Toffoli and loses puck.
19:50 of 3rd period - Shot by Michael Bunting.
19:50 of 3rd period - Shot Misses the Net.
19:52 of 3rd period - Shot by Carter Verhaeghe.
19:52 of 3rd period - Stopped by Jordan Binnington without a rebound.
19:53 of 3rd period - Joel Eriksson Ek wins face-off versus Pius Suter in BANFF WOLVES zone.
Goals for this period are 1 for ANAHEIM OUTLAWS vs 2 for BANFF WOLVES.
Shots for this period are 10 for ANAHEIM OUTLAWS vs 14 for BANFF WOLVES.

Overtime #1


0:01 of 1st overtime period - John Tavares wins face-off versus Evgeny Kuznetsov in neutral zone.
1:11 of 1st overtime period - Shot by Cam Fowler.
1:11 of 1st overtime period - Stopped by Jacob Markstrom without a rebound.
1:12 of 1st overtime period - Evgeny Kuznetsov wins face-off versus Elias Lindholm in ANAHEIM OUTLAWS zone.
1:21 of 1st overtime period - Shot by Jeff Skinner.
1:21 of 1st overtime period - Shot Misses the Net.
2:09 of 1st overtime period - Shot by Michael Bunting.
2:09 of 1st overtime period - Shot Misses the Net.
2:55 of 1st overtime period - Icing by Michael Bunting.
2:56 of 1st overtime period - Michael Bunting wins face-off versus Elias Lindholm in ANAHEIM OUTLAWS zone.
4:22 of 1st overtime period - Shot by Carter Verhaeghe.
4:22 of 1st overtime period - Deflect By Adrian Kempe.
4:22 of 1st overtime period - Stopped by Jordan Binnington without a rebound.
4:23 of 1st overtime period - Carter Verhaeghe wins face-off versus Elias Lindholm in BANFF WOLVES zone.
4:34 of 1st overtime period - Shot by Elias Lindholm.
4:34 of 1st overtime period - Stopped by Jacob Markstrom without a rebound.
4:35 of 1st overtime period - Evgeny Kuznetsov wins face-off versus Elias Lindholm in ANAHEIM OUTLAWS zone.
Goals for this period are 0 for ANAHEIM OUTLAWS vs 0 for BANFF WOLVES.
Shots for this period are 1 for ANAHEIM OUTLAWS vs 2 for BANFF WOLVES.

ShootOut


5:00 of 1st overtime period - Round #1.
5:00 of 1st overtime period - ANAHEIM OUTLAWS, Kent Johnson.
5:00 of 1st overtime period - Shot Misses the Net.
5:00 of 1st overtime period - BANFF WOLVES, John Tavares.
5:00 of 1st overtime period - Shot Misses the Net.
5:00 of 1st overtime period - Round #2.
5:00 of 1st overtime period - ANAHEIM OUTLAWS, Joey Anderson.
5:00 of 1st overtime period - Shot Misses the Net.
5:00 of 1st overtime period - BANFF WOLVES, Mats Zuccarello.
5:00 of 1st overtime period - Shot Misses the Net.
5:00 of 1st overtime period - Round #3.
5:00 of 1st overtime period - ANAHEIM OUTLAWS, Evgeny Kuznetsov.
5:00 of 1st overtime period - Stopped by Jordan Binnington.
5:00 of 1st overtime period - BANFF WOLVES, Elias Lindholm.
5:00 of 1st overtime period - Goal by Elias Lindholm.


BLAKE
WHEELER
STEVEN
STAMKOS
DREW
DOUGHTY

EAST COAST

HOCKEY LEAGUE

  • 63.RHI2PIT5
  • 64.WOR4ATL3
  • 65.QUECHW
  • 66.CHATRV